 Dungeon Crawl Stone Soup version 0.23-a0-389-g4a5eb33 (webtiles) character file.

197 mortelune the Magician (level 5, -14/37 HPs)
             Began as a Gnoll Wizard on Oct 29, 2018.
             Was a Follower of Ashenzari.
             Demolished by an ogre
             ... wielding a +0 giant club
              (28 damage)
             ... on level 3 of the Dungeon.
             The game lasted 00:12:07 (3918 turns).

mortelune the Magician (Gnoll Wizard)               Turns: 3918, Time: 00:12:08

Health: -14/37     AC:  3    Str:  9    XL:     5   Next: 75%
Magic:  0/14       EV: 14    Int: 21    God:    Ashenzari [*.....]
Gold:   135        SH:  3    Dex: 14    Spells: 7/18 levels left

rFire    . . .     SeeInvis .   c - +1 whip (venom)
rCold    . . .     Gourm    .   (no shield)
rNeg     . . .     Faith    .   a - +0 robe
rPois    .         Spirit   .   b - +1 hat
rElec    .         Reflect  +   (no cloak)
rCorr    .         Harm     .   (no gloves)
MR       .....                  (no boots)
Stlth    +++.......             l - +3 amulet of reflection (curse)
HPRegen  0.12/turn              (no ring)
MPRegen  0.14/turn              (no ring)

@: very slightly contaminated, hasted, very quick
A: distributed training, fangs 1, strong nose
a: Curse Item, Scrying, Renounce Religion


You were on level 3 of the Dungeon.
You worshipped Ashenzari.
Ashenzari was aware of your devotion.
You were not hungry.

You visited 1 branch of the dungeon, and saw 4 of its levels.

You collected 135 gold pieces.

Inventory:

Hand Weapons
 c - a +1 whip of venom (weapon)
Armour
 a - a +0 robe (worn)
 b - a +1 hat (worn)
Jewellery
 l - a cursed +3 amulet of reflection (around neck)
Wands
 s - a wand of random effects (17)
Scrolls
 e - a scroll of enchant weapon
 g - a scroll of remove curse
 k - 2 scrolls of noise
Potions
 f - a potion of might
 h - 2 potions of flight
 o - a potion of curing
Comestibles
 d - 4 rations


   Skills:
 + Level 1.6 Fighting
 + Level 1.6 Short Blades
 + Level 1.6 Long Blades
 + Level 1.6 Axes
 + Level 1.6 Maces & Flails
 + Level 1.6 Polearms
 + Level 1.6 Staves
 + Level 1.6 Slings
 + Level 1.6 Bows
 + Level 1.6 Crossbows
 + Level 1.6 Throwing
 + Level 1.6 Armour
 + Level 4.8 Dodging
 + Level 4.4 Stealth
 + Level 1.6 Shields
 + Level 1.6 Unarmed Combat
 + Level 7.3 Spellcasting
 + Level 2.4 Conjurations
 + Level 1.2 Hexes
 + Level 1.2 Charms
 + Level 2.4 Summonings
 + Level 1.2 Necromancy
 + Level 2.4 Translocations
 + Level 1.2 Transmutations
 + Level 1.2 Fire Magic
 + Level 1.2 Ice Magic
 + Level 1.2 Air Magic
 + Level 1.2 Earth Magic
 + Level 1.2 Poison Magic
 + Level 1.8 Invocations
 + Level 1.6 Evocations


You had 7 spell levels left.
You knew the following spells:

 Your Spells              Type           Power        Failure   Level  Hunger
a - Magic Dart            Conj           ###.         3%          1    None
b - Blink                 Tloc           N/A          4%          2    None
c - Call Imp              Summ           ###.....     4%          2    None
d - Conjure Flame         Conj/Fire      ###.....     12%         3    None
e - Mephitic Cloud        Conj/Pois/Air  ##......     13%         3    None

Your spell library contained the following spells:

 Spells                   Type           Power        Failure   Level  Hunger
 Slow                     Hex            ##......     8%          2    None


Dungeon Overview and Level Annotations

Branches:
Dungeon (4/15)
 Temple: D:4-7

Altars:
Ashenzari
Gozag
Kikubaaqudgha
Wu Jian
Xom
Yredelemnul

Annotations:
D:2 Sigmund
D:4 Menkaure


Innate Abilities, Weirdness & Mutations

Your experience applies equally to all skills.
You have very sharp teeth.
Your uncanny sense of smell can sniff out nearby items.


Message History

You are very lightly contaminated with residual magic.
Nothing appears to happen.
The ogre barely misses you.
Casting: Mephitic Cloud (safe; 13% risk of failure)
Confirm with . or Enter, or press ? or * to list all spells.
Aiming: Mephitic Cloud (safe; 13% risk of failure)
Press: ? - help, Shift-Dir - straight line, p - ogre The ball explodes into a vile cloud!
The stinking cloud engulfs the ogre.
The ogre is lightly wounded.
You hit the ogre.
The ogre is lightly wounded.
The ogre hits you with a +0 giant club!!
Ouch! That really hurt!
Casting: Mephitic Cloud (safe; 13% risk of failure)
Confirm with . or Enter, or press ? or * to list all spells.
You blink.
Okay, then.
You feel yourself speed up.
The ogre hits you with a +0 giant club!!
Ouch! That really hurt!
You die...

......# #..............#
..##########..............#
..#.......##...>..........#
..........###............##
..........# #...........##
..##.########.##..##.####
......#####......###...#
..##......#.(....# #...#
..###.###.#.....@# #...#
...............O.# #...#
..#########......# #...#
..# ###....# #...# ..#
#....# #...# ..# ######
#...# ..# #...# ### #...#
#####


You could see an ogre.

Vanquished Creatures
  An orc priest (D:3)
  Ijyb (D:3)
  3 adders
  2 oozes
  5 worms
  4 dart slugs
  4 leopard geckos
  3 orcs (D:3)
  3 ball pythons
  A giant cockroach (D:1)
  10 goblins
  6 hobgoblins
  6 jackals
  10 kobolds
  7 bats
  2 frilled lizards
  11 rats
79 creatures vanquished.

Vanquished Creatures (collateral kills)
  A hobgoblin (D:1)
  A jackal (D:1)
2 creatures vanquished.

Grand Total: 81 creatures vanquished

Notes
Turn   | Place    | Note
-------+----------+-------------------------------------------
     0 | D:1      | mortelune the Gnoll Wizard began the quest for the Orb.
     0 | D:1      | Reached XP level 1. HP: 13/13 MP: 8/8
   256 | D:1      | Reached XP level 2. HP: 19/19 MP: 7/10
   260 | D:1      | Learned a level 2 spell: Blink
   265 | D:1      | Learned a level 2 spell: Call Imp
   670 | D:1      | Reached XP level 3. HP: 21/25 MP: 0/11
  1276 | D:1      | Learned a level 3 spell: Conjure Flame
  1280 | D:1      | Learned a level 3 spell: Mephitic Cloud
  1403 | D:2      | Reached skill level 1 in Invocations
  1497 | D:2      | Found a shattered altar of Ashenzari.
  1505 | D:2      | Became a worshipper of Ashenzari the Shackled
  1632 | D:2      | Reached skill level 1 in Fighting
  1632 | D:2      | Reached skill level 1 in Short Blades
  1632 | D:2      | Reached skill level 1 in Long Blades
  1632 | D:2      | Reached skill level 1 in Axes
  1632 | D:2      | Reached skill level 1 in Maces & Flails
  1632 | D:2      | Reached skill level 1 in Polearms
  1632 | D:2      | Reached skill level 1 in Staves
  1632 | D:2      | Reached skill level 1 in Slings
  1632 | D:2      | Reached skill level 1 in Bows
  1632 | D:2      | Reached skill level 1 in Crossbows
  1632 | D:2      | Reached skill level 1 in Throwing
  1632 | D:2      | Reached skill level 1 in Armour
  1632 | D:2      | Reached skill level 1 in Shields
  1632 | D:2      | Reached skill level 1 in Unarmed Combat
  1632 | D:2      | Reached skill level 1 in Evocations
  1632 | D:2      | Reached XP level 4. HP: 32/32 MP: 3/13
  1772 | D:2      | Noticed Sigmund
  2079 | D:2      | Found an ornate altar of the Wu Jian Council.
  2146 | D:2      | Found an opulent altar of Gozag.
  2685 | D:3      | Reached skill level 1 in Hexes
  2685 | D:3      | Reached skill level 1 in Charms
  2685 | D:3      | Reached skill level 1 in Necromancy
  2685 | D:3      | Reached skill level 1 in Transmutations
  2685 | D:3      | Reached skill level 1 in Fire Magic
  2685 | D:3      | Reached skill level 1 in Ice Magic
  2685 | D:3      | Reached skill level 1 in Air Magic
  2685 | D:3      | Reached skill level 1 in Earth Magic
  2685 | D:3      | Reached skill level 1 in Poison Magic
  2853 | D:3      | Reached * piety under Ashenzari
  2880 | D:3      | Reached XP level 5. HP: 37/37 MP: 4/14
  3513 | D:3      | Noticed Ijyb
  3535 | D:3      | Killed Ijyb
  3713 | D:3      | Found an ancient bone altar of Kikubaaqudgha.
  3715 | D:3      | Found a shimmering altar of Xom.
  3715 | D:3      | Found a basalt altar of Yredelemnul.
  3889 | D:4      | Noticed an ogre
  3894 | D:4      | Noticed Menkaure
  3918 | D:3      | Demolished by an ogre

Vault maps used:
D:1:      lightli_arrival_boilingwater
D:2:      lemuel_doored_altar, nicolae_gozag_cash_rules_everything_around_me,
          marbit_many_paths, first_ration, uniq_sigmund
D:3:      minitemple, wad_floor_pattern_2, uniq_ijyb
D:4:      cheibrodos_quashed, chequers_garden, minmay_goblin_kobold_house,
          uniq_menkaure

Skill      XL: |  1  2  3  4 |
---------------+-------------+-----
Conjurations   | 2 |  2.4
Summonings     | 2 |  2.4
Translocations | 2 |  2.4
Invocations    | 1 |  1.8
Fighting       | 1 |  1.6
Short Blades   | 1 |  1.6
Long Blades    | 1 |  1.6
Axes           | 1 |  1.6
Maces & Flails | 1 |  1.6
Polearms       | 1 |  1.6
Staves         | 1 |  1.6
Slings         | 1 |  1.6
Bows           | 1 |  1.6
Crossbows      | 1 |  1.6
Throwing       | 1 |  1.6
Armour         | 1 |  1.6
Shields        | 1 |  1.6
Unarmed Combat | 1 |  1.6
Evocations     | 1 |  1.6
Hexes          | 1 |  1.2
Charms         | 1 |  1.2
Necromancy     | 1 |  1.2
Transmutations | 1 |  1.2
Fire Magic     | 1 |  1.2
Ice Magic      | 1 |  1.2
Air Magic      | 1 |  1.2
Earth Magic    | 1 |  1.2
Poison Magic   | 1 |  1.2
Dodging        | |  4.8
Stealth        | |  4.4
Spellcasting   | |  7.3

Action                   |  1- 3 |  4- 6 || total
-------------------------+-------+-------++-------
Melee: Whip              |     9 |    26 ||    35
       Bite              |       |     5 ||     5
 Cast: Magic Dart        |    76 |   119 ||   195
       Call Imp          |     4 |       ||     4
       Blink             |     1 |     2 ||     3
       Mephitic Cloud    |     1 |     4 ||     5
       Conjure Flame     |       |     3 ||     3
Invok: Curse Item        |     1 |       ||     1
  Use: Scroll            |       |    11 ||    11
       Potion            |       |     1 ||     1
 Stab: Confused          |       |     1 ||     1
  Eat: Chunk             |     2 |     7 ||     9
Armor: Robe              |     7 |     4 ||    11
Dodge: Dodged            |    13 |    37 ||    50
Block: Other             |       |     1 ||     1
       Reflection        |       |     1 ||     1

Table legend:
 A = Non-vault XP
 B = Vault XP
 C = Vault XP percentage of total XP
 D = Non-vault monster count
 E = Vault monster count
 F = Vault count percentage of total count
                 A         B        C        D         E       F
            +---------+---------+-------+---------+---------+-------
      Total |     245 |      37 |  13.1 |      79 |       2 |   2.5
            +---------+---------+-------+---------+---------+-------
        D:1 |      49 |       0 |   0.0 |      28 |       0 |   0.0
        D:2 |      64 |       2 |   3.0 |      19 |       1 |   5.0
        D:3 |     125 |      35 |  21.9 |      30 |       1 |   3.2
        D:4 |       7 |       0 |   0.0 |       2 |       0 |   0.0
            +---------+---------+-------+---------+---------+-------
